 Dungeon Crawl Stone Soup version 0.30-a0-1163-gf69bf04e7a (webtiles) character file.

Game seed: 1677465469868579086

56 Booba the Shooter (level 4, -9/34 HPs)
             Began as a Human Hunter on Apr 28, 2023.
             Mangled by Sigmund
             ... wielding a +2 scythe of protection
              (10 damage)
             ... on level 2 of the Dungeon.
             The game lasted 00:02:59 (1092 turns).

Booba the Shooter (Human Hunter)                    Turns: 1092, Time: 00:03:00

Health: -9/34      AC:  3    Str:  9 (11) XL:     4   Next: 17%
Magic:  4/4        EV: 12    Int:  7 (9)  God:
Gold:   78         SH:  0    Dex: 18 (19) Spells: 3/3 levels left

rFire   + . .        a - +1 shortbow
rCold   + . .        (shield currently unavailable)
rNeg    . . .        c - +0 leather armour
rPois   +            (no helmet)
rElec   +            (no cloak)
rCorr   +            (no gloves)
SInv    .            (no boots)
Will    .....        (no amulet)
Stlth   ++           (no ring)
HPRegen 0.25/turn    (no ring)
MPRegen 0.09/turn

%: no passive effects
@: resistant, weak-willed, attractive, flying
A: no striking features
a: no special abilities


You were on level 2 of the Dungeon.
You visited 1 branch of the dungeon, and saw 3 of its levels.

You collected 78 gold pieces.

Inventory:

Hand Weapons
 a - a +1 shortbow (weapon)
Armour
 c - a +0 leather armour (worn)
Jewellery
 j - a ring of protection from fire
Scrolls
 b - a scroll of immolation
 d - a scroll of enchant weapon
 g - 4 scrolls of identify {unknown}
 m - a scroll of fog {unknown}
 n - a scroll of blinking {unknown}
Potions
 e - a potion of degeneration
 k - a potion of resistance


   Skills:
 + Level 2.6 Fighting
 + Level 4.3 Ranged Weapons
 + Level 2.6 Dodging
 + Level 2.1 Stealth


You had 3 spell levels left.
You didn't know any spells.
Your spell library contained the following spells:

 Spells                   Type           Power      Damage    Failure   Level
 Magic Dart               Conj           0%         1d3       54%         1
 Call Imp                 Summ           0%         N/A       69%         2
 Mephitic Cloud           Conj/Pois/Air  0%         N/A       89%         3
 Volatile Blastmotes      Fire/Tloc      0%         2d10      89%         3
 Fulminant Prism          Conj/Hex       0%         3d5       100%        4
 Iskenderun's Mystic Bla  Conj/Tloc      0%         2d3       100%        4
 Lee's Rapid Deconstruct  Erth           0%         3d4*      100%        5


Dungeon Overview and Level Annotations

Branches:
Dungeon (3/15)

Altars:

Annotations:
D:2 Robin, Sigmund


Message History

Unknown command.
Non-targeted confused fire: a) +0 shortbow
Press: ? - help, Q - select action Dir - look around, f - activate Look: Sigmund, wielding a +2 scythe of protection and wearing a +0 robe (severely wounded)
You shoot an arrow. Sigmund casts a spell at you. The magic dart hits you!
Sigmund closely misses you.
Non-targeted confused fire: a) +0 shortbow
Press: ? - help, Q - select action Dir - look around, f - activate Look: Sigmund, wielding a +2 scythe of protection and wearing a +0 robe (severely wounded)
You shoot an arrow.
You feel less confused.
Sigmund casts a spell.
Sigmund flickers and vanishes!
Deactivating autopickup; reactivate with Ctrl-A.
You are too injured to fight recklessly!
Okay, then.
Okay, then.
As you read the scroll labelled LUSERO FIHUPH, it crumbles to dust.
It is a scroll of enchant weapon.
Your +0 shortbow glows red for a moment.
Something hits you.
* * * LOW HITPOINT WARNING * * *
Fire: a) +1 shortbow
Press: ? - help, Q - select action Shift-Dir - straight line You shoot an arrow.
Fire: a) +1 shortbow
Press: ? - help, Q - select action Shift-Dir - straight line You shoot an arrow.
Something hits you.
* * * LOW HITPOINT WARNING * * *
Fire: a) +1 shortbow
Press: ? - help, Q - select action Shift-Dir - straight line You shoot an arrow.
Something hits you.
* * * LOW HITPOINT WARNING * * *
As you read the scroll labelled ITIEGAOMAA, it crumbles to dust.
Magic quickly surges around you.
It was a scroll of vulnerability.
Something hits you!
You die...

#########
....@...#
.####.#.# # #.#
#{# #@#
########.#
#........#
#........#
#.########.#
#.##.#........#
#.##.#.....####
#.##.#.....+
#.##.#.....####


There were no monsters in sight!

Vanquished Creatures
  Natasha (D:2)
  A worm (D:3)
  2 endoplasms
  A giant cockroach (D:2)
  4 hobgoblins (D:2)
  A quokka (D:1)
  A ball python (D:2)
  4 bats (D:1)
  5 frilled lizards
  6 goblins
  3 rats
29 creatures vanquished.

Notes
Turn   | Place    | Note
-------+----------+-------------------------------------------
     0 | D:1      | Booba the Human Hunter began the quest for the Orb.
     0 | D:1      | Reached XP level 1. HP: 16/16 MP: 1/1
   240 | D:1      | Reached XP level 2. HP: 22/22 MP: 2/2
   691 | D:2      | Noticed Robin
   793 | D:3      | Reached XP level 3. HP: 28/28 MP: 3/3
   841 | D:3      | Found a faded altar of an unknown god.
   973 | D:2      | Noticed Natasha
   977 | D:2      | Killed Natasha
   978 | D:2      | Reached XP level 4. HP: 21/34 MP: 4/4
  1052 | D:2      | Noticed Sigmund
  1091 | D:2      | HP: 1/34 [something (5)]
  1092 | D:2      | Mangled by Sigmund

Illustrated notes

Levels and vault maps discovered:
D:1:      amcnicky_arrival_wind_blow, layout_rooms, interstate_on_off
D:2:      layout_basic, uniq_sigmund, uniq_natasha, uniq_robin
D:3:      layout_loops_ring, nicolae_overflow_hallway_of_the_gods,
          shapermc_ecumenical_altar_notcrosses

Skill      XL: |  1  2  3 |
---------------+----------+-----
Stealth        | 2 |  2.1
Fighting       | |  2.6
Ranged Weapons | |  4.3
Dodging        | |  2.6

Action                     |  1- 3 |  4- 6 || total
---------------------------+-------+-------++-------
  Melee: Unarmed           |     1 |       ||     1
   Fire: Shortbow          |    59 |    26 ||    85
    Use: Potion            |       |     5 ||     5
         Scroll            |       |     2 ||     2
 Armour: Leather armour    |     2 |     3 ||     5
  Dodge: Dodged            |    17 |     9 ||    26

Table legend: (Time is in decaauts)
 A = Elapsed time spent in this place.
 B = Non-inter-level travel time spent in this place.
 C = Inter-level travel time spent in this place.
 D = Time resting spent in this place.
 E = Time spent auto-exploring this place.
 F = Levels seen in this place.
 G = Mean time per level.
                   A        B        C        D        E       F      G
               +--------+--------+--------+--------+--------+-----+--------+
         Total |   1120 |   1097 |     23 |     60 |    760 |   3 |  373.3 |
       Dungeon |   1120 |   1097 |     23 |     60 |    760 |   3 |  373.3 |
               +--------+--------+--------+--------+--------+-----+--------+

Top non-repeatable levels by time:
     D:1: 651 daAuts
     D:2: 260 daAuts
     D:3: 208 daAuts
